 Dungeon Crawl Stone Soup version 0.21.0 (webtiles) character file.

856 Hekarica the Shield-Bearer (level 8, -3/42 HPs)
             Began as a Vine Stalker Fighter on June 8, 2018.
             Was an Initiate of Gozag.
             Slain by a gnoll
             ... wielding a +0 halberd
              (8 damage)
             ... on level 5 of the Dungeon.
             The game lasted 00:23:07 (3684 turns).

Hekarica the Shield-Bearer (Vine Stalker Fighter)   Turns: 3684, Time: 00:23:08

Health: -3/42      AC:  9    Str: 22    XL:     8   Next: 2%
Magic:  0/9        EV:  7    Int:  8    God:    Gozag
Gold:   342        SH: 10    Dex: 13    Spells: 7/7 levels left

rFire    . . .     SeeInvis .   t - +3 dagger (venom)
rCold    + . .     Gourm    .   c - +0 shield
rNeg     + . .     Faith    .   b - +0 scale mail
rPois    .         Spirit   +   f - +0 helmet
rElec    .         Reflect  .   (no cloak)
rCorr    .         Harm     .   d - +0 pair of gloves
MR       +....                  (no boots)
Stlth    ..........             (no amulet)
HPRegen  0.54/turn              e - ring of positive energy
MPRegen  0.11/turn              h - ring of protection from cold

@: lethally poisoned (-3 -> -3)
A: fangs 3, regeneration 1, magic shield, antimagic bite, no potion heal 3, rot
immunity
a: Potion Petition, Call Merchant, Bribe Branch, Renounce Religion


You were on level 5 of the Dungeon.
You worshipped Gozag.
Gozag was aware of your devotion.
You were not hungry.

You visited 2 branches of the dungeon, and saw 6 of its levels.

You collected 388 gold pieces.
You paid 46 gold pieces to Gozag.

Inventory:

Hand Weapons
 t - a +3 dagger of venom (weapon)
Missiles
 i - 18 tomahawks (quivered)
Armour
 b - a +0 scale mail (worn)
 c - a +0 shield (worn)
 d - a +0 pair of gloves (worn)
 f - a +0 helmet (worn)
Jewellery
 e - a ring of positive energy (left hand)
 g - an uncursed ring of poison resistance
 h - a ring of protection from cold (right hand)
Wands
 s - a wand of iceblast (7)
Scrolls
 k - a scroll of remove curse
 o - 3 scrolls of identify
 p - a scroll of fog {unknown}
 q - a scroll of fear {unknown}
 r - a scroll of enchant armour {unknown}
Potions
 a - a potion of agility {unknown}
 m - a potion of might
Comestibles
 n - 2 rations


   Skills:
 + Level 4.7 Fighting
 + Level 1.4 Short Blades
   Level 3.9 Axes
 + Level 4.3 Armour
 + Level 4.8 Shields


You had 7 spell levels left.
You didn't know any spells.

Dungeon Overview and Level Annotations

Branches:
Dungeon (5/15)             Temple (1/1) D:4

Altars:
Elyvilon
Fedhas
Gozag
Kikubaaqudgha
Nemelex Xobeh
Okawaru
Ru
Trog
Uskayaw
Vehumet
Wu Jian
Xom
Yredelemnul
Zin
The Shining One


Innate Abilities, Weirdness & Mutations

You have razor-sharp teeth.
Your natural rate of healing is unusually fast.
When hurt, damage is shared between your health and your magic reserves.
Your bite disrupts and absorbs the magic of your enemies.
Potions cannot restore your health.
You are immune to rotting.


Message History

The gnoll sergeant is severely wounded.
* * * LOW HITPOINT WARNING * * *
You feel very sick.
The gnoll sergeant completely misses you.
You block the gnoll's attack.
You hit the gnoll sergeant but do no damage.
You bite the gnoll sergeant, but do no damage.
The gnoll sergeant is severely wounded.
* * * LOW HITPOINT WARNING * * *
You feel sick. You block the gnoll sergeant's attack.
Your system rejects the healing.
You feel better. You block the gnoll's attack.
The gnoll sergeant hits you with a spear of venom.
* * * LOW HITPOINT WARNING * * *
You are poisoned.
You hit the gnoll sergeant.
The gnoll sergeant looks as sick as possible!
The gnoll sergeant is almost dead.
You feel sick. The gnoll hits you with a halberd!
You die...
Your body crumbles into a pile of gold.

#############
#8..8#.......
+....'g...... $
+...$@g%.....
#....#.......
#....#######+
#....# $ #....#
#....#
#######''''#####
.................
≈≈≈≈≈≈≈....≈≈≈≈≈≈


You could see a gnoll sergeant and a gnoll.

Vanquished Creatures
  A scorpion (D:5)
  A howler monkey (D:3)
  A hound (D:5)
  A centaur skeleton (D:4)
  2 orc priests
  2 bullfrog skeletons (D:4)
  4 orc wizards
  3 iguanas
  A hound skeleton (D:4)
  Robin (D:2)
  A howler monkey skeleton (D:4)
  11 gnolls
  14 adders
  2 oozes (D:3)
  2 worms
  5 dart slugs
  3 leopard geckos
  13 orcs
  A ball python (D:2)
  3 giant cockroaches (D:4)
  14 goblins
  9 hobgoblins
  5 jackals
  9 kobolds
  3 quokkas
  5 bats
  3 frilled lizards
  12 rats
132 creatures vanquished.

Notes
Turn   | Place    | Note
-------+----------+-------------------------------------------
     0 | D:1      | Hekarica the Vine Stalker Fighter began the quest for the Orb.
     0 | D:1      | Reached XP level 1. HP: 11/11 MP: 2/2
   312 | D:1      | Reached XP level 2. HP: 9/16 MP: 1/3
  1165 | D:2      | Noticed Robin
  1191 | D:2      | Reached XP level 3. HP: 11/20 MP: 2/4
  1205 | D:2      | HP: 1/20 [goblin/club[Robin] (2)]
  1212 | D:2      | Killed Robin
  1212 | D:2      | Gained mutation: Your natural rate of healing is unusually fast. [Vine Stalker growth]
  1212 | D:2      | Reached XP level 4. HP: 1/24 MP: 5/5
  1621 | D:2      | Noticed a hungry ghost
  1960 | D:2      | Reached XP level 5. HP: 28/28 MP: 6/6
  2133 | D:3      | Found an ancient bone altar of Kikubaaqudgha.
  2336 | D:3      | Reached XP level 6. HP: 29/33 MP: 7/7
  2614 | D:4      | Found a staircase to the Ecumenical Temple.
  2623 | Temple   | Entered the Ecumenical Temple
  2629 | Temple   | Became a worshipper of Gozag Ym Sagoz the Greedy
  2720 | D:4      | Reached XP level 7. HP: 37/37 MP: 8/8
  3335 | D:4      | Paralysed by fainting for 10 turns
  3350 | D:4      | Paralysed by fainting for 9 turns
  3558 | D:5      | Entered Level 5 of the Dungeon
  3575 | D:5      | Reached skill level 1 in Short Blades
  3674 | D:5      | Gained mutation: You have razor-sharp teeth. [Vine Stalker growth]
  3674 | D:5      | Reached XP level 8. HP: 36/42 MP: 9/9
  3684 | D:5      | Slain by a gnoll

Skill      XL: |  1  2  3  4  5  6  7 |
---------------+----------------------+-----
Axes           | 2 3 |  3.9
Shields        | 3 4 |  4.8
Fighting       | 3 4 |  4.7
Armour         | 3 4 |  4.3
Short Blades   | 1 |  1.4

Action                   |  1- 3 |  4- 6 |  7- 9 || total
-------------------------+-------+-------+-------++-------
Melee: War axe           |    67 |   189 |    43 ||   299
       Bite              |    17 |    47 |    45 ||   109
       Dagger            |       |       |    90 ||    90
  Use: Potion            |     2 |       |     1 ||     3
       Scroll            |       |     4 |     1 ||     5
  Eat: Ration            |     1 |     1 |     1 ||     3
Armor: Scale mail        |    36 |   103 |    44 ||   183
Dodge: Dodged            |    30 |    64 |    42 ||   136
Block: Shield            |    47 |   114 |    72 ||   233
